[Event "GER-ch Youth U14 2020"]
[Site "Willingen"]
[Date "2020.10.24"]
[Round "7.16"]
[White "Klühs, Gustaf"]
[Black "Mimkes, Antal"]
[Result "1-0"]
[ECO "C55"]
[WhiteElo "1827"]
[BlackElo "1567"]
[Annotator "NA RC"]
[PlyCount "57"]
[EventDate "2020.10.20"]
[EventType "swiss"]
[EventRounds "7"]
[EventCountry "GER"]
[SourceTitle "playchess.com"]
[Source "ChessBase"]
[SourceQuality "1"]
[TimeControl "40/5400+30:1800+30"]

1. e4 e5 2. Nf3 Nc6 3. Bc4 Nf6 4. d4 exd4 5. O-O d6 6. Nxd4 Be7 7. Nc3 O-O 8. h3 Ne5 9. Be2 c6 {[%emt 0:07:33] C50: Hungarian Defence and Giuoco Pianissimo.} 10. Be3 Qc7 11. f4 Ng6 12. Qe1 {[%emt 0:01:49] [#]} b5 $146 ({Predecessor:} 12... Re8 13. Bf3 Bd7 14. Qg3 Bd8 15. h4 h5 16. f5 Ne5 17. Nde2 Neg4 18. Bxg4 Nxg4 {1-0 (33) Auvray,J (1960)-Anamba Onana,M (1680) France 2009}) 13. a3 a6 14. Bf3 c5 15. Nf5 b4 16. Ne2 Rb8 17. Neg3 Bd7 ({Better is} 17... Re8 $14) 18. Qd2 Bb5 19. Rfd1 Rfd8 20. axb4 cxb4 21. Ne2 (21. Qf2 $18) 21... d5 $16 22. exd5 Nxd5 23. Bxd5 Bc4 24. Qd4 Ne5 25. Qxe5 Qxe5 26. fxe5 Bxe2 27. Nxe7+ Kf8 28. Nc6 Bxd1 29. Rxd1 1-0

[Event "GER-ch Youth U14 2020"]
[Site "Willingen"]
[Date "2020.10.24"]
[Round "7.17"]
[White "Sallandt, Frido"]
[Black "Ehrig, Leon Chris"]
[Result "1-0"]
[ECO "B13"]
[WhiteElo "1770"]
[BlackElo "1718"]
[Annotator "NA RC"]
[PlyCount "72"]
[EventDate "2020.10.20"]
[EventType "swiss"]
[EventRounds "7"]
[EventCountry "GER"]
[SourceTitle "playchess.com"]
[Source "ChessBase"]
[SourceQuality "1"]
[TimeControl "40/5400+30:1800+30"]

1. e4 c6 2. d4 d5 3. exd5 cxd5 4. Bd3 Nc6 5. c3 Qc7 6. Ne2 Bg4 7. O-O e5 8. f3 Bd7 9. dxe5 Nxe5 10. Bf4 Bd6 11. Bg3 Ne7 12. Na3 O-O 13. Kh1 N7g6 14. Bxg6 Nxg6 15. Qxd5 Bxg3 16. Nxg3 Bc6 17. Qb3 Rad8 18. Rad1 Nh4 19. Nb5 Qe5 20. Nd4 Qg5 21. Nxc6 bxc6 22. Qc4 Ng6 23. Qxc6 Rd2 24. f4 Qd8 25. Qf3 Re8 26. h3 h6 27. Rxd2 Qxd2 28. Qf2 Qd3 29. Kh2 a5 30. f5 Ne5 31. Qf4 f6 32. Qa4 Rb8 33. Rf2 h5 34. Nxh5 Rc8 35. Qb3+ Kh7 36. Qb7 Rg8 1-0

[Event "GER-ch Youth U14 2020"]
[Site "Willingen"]
[Date "2020.10.24"]
[Round "7.18"]
[White "Niemann, Leon"]
[Black "Kort, Felix"]
[Result "1/2-1/2"]
[ECO "C50"]
[WhiteElo "1880"]
[BlackElo "1823"]
[Annotator "NA RC"]
[PlyCount "119"]
[EventDate "2020.10.20"]
[EventType "swiss"]
[EventRounds "7"]
[EventCountry "GER"]
[SourceTitle "playchess.com"]
[Source "ChessBase"]
[SourceQuality "1"]
[TimeControl "40/5400+30:1800+30"]

1. e4 e5 2. Nf3 Nc6 3. Bc4 Bc5 4. O-O Nf6 5. d3 d6 6. c3 a6 7. Bb3 {[%emt 0:00:06] 7.a4 is the hot move. Played by Levon Aronian in September 2020.} Ba7 8. Nbd2 h6 {[%emt 0:00:35] C54: Giuoco Piano: 4 c3 Nf6, main lines with 5 d4 and 5 d3.} 9. Re1 g5 10. Nc4 g4 11. Nfd2 h5 $1 12. d4 {[%emt 0:04:29] [#]} b5 {[%emt 0:20:19] [#]} ({Much weaker is} 12... exd4 $6 13. e5 $11) (12... h4 $1 $17 13. Nf1 g3 14. hxg3 hxg3) 13. dxe5 $2 $146 (13. Na3 $11) ({Predecessor:} 13. Ne3 exd4 14. cxd4 Nxd4 15. Nf5 Nxf5 16. exf5+ Kf8 17. Nf1 h4 18. Bg5 Rh5 19. Qd2 Bxf2+ 20. Qxf2 Rxg5 21. Qxh4 {0-1 (55) Turgut,A (2269)-Gordievsky,D (2559) chess.com INT 2020}) 13... dxe5 14. Ne3 Ne7 15. Nd5 Ng6 16. Nf1 c6 17. Nxf6+ Qxf6 18. Be3 Nf4 19. a4 h4 20. Bxa7 Rxa7 21. Ne3 Qg6 22. axb5 cxb5 23. Bd5 g3 24. Qf3 Rg8 (24... gxf2+ $15 25. Kxf2 Nd3+ 26. Kg1 Nxe1 27. Rxe1 Rc7) 25. fxg3 hxg3 26. hxg3 Qxg3 27. Qxg3 Rxg3 28. Kf2 Rg5 29. Red1 Ke7 30. Bc6 Rc7 31. Nd5+ Nxd5 32. Bxd5 Rg6 33. Rh1 Bb7 34. Rhd1 Rd6 35. Bxb7 Rxd1 36. Rxd1 Rxb7 37. Rd5 Ke6 38. Rd8 Rb6 39. Ra8 Rd6 40. Kf3 Rd3+ 41. Kg4 Rd6 42. Kg5 f6+ 43. Kg6 Rd2 44. Re8+ Kd7 45. Kf7 Rxg2 46. Re7+ Kd6 47. Re6+ Kd7 48. Kxf6 Rxb2 49. Rxa6 Rb3 50. Kxe5 Rxc3 51. Rd6+ Ke7 52. Rb6 Rc5+ 53. Kd4 Rh5 54. e5 Rh1 55. Rxb5 Rd1+ 56. Ke4 Re1+ 57. Kd5 Rd1+ 58. Kc6 $11 Ke6 59. Rc5 Re1 60. Ra5 1/2-1/2

[Event "GER-ch Youth U14 2020"]
[Site "Willingen"]
[Date "2020.10.24"]
[Round "7.19"]
[White "Raasch, Hauke"]
[Black "Freude, Max"]
[Result "1/2-1/2"]
[ECO "A45"]
[WhiteElo "1676"]
[BlackElo "1850"]
[Annotator "NA RC"]
[PlyCount "80"]
[EventDate "2020.10.20"]
[EventType "swiss"]
[EventRounds "7"]
[EventCountry "GER"]
[SourceTitle "playchess.com"]
[Source "ChessBase"]
[SourceQuality "1"]
[TimeControl "40/5400+30:1800+30"]

1. d4 Nf6 2. Bf4 d5 3. e3 c5 4. c3 Nc6 5. Nf3 Qb6 6. Qb3 c4 7. Qxb6 axb6 8. Nbd2 e6 {[%emt 0:03:17] D02: 1 d4 d5 2 Nf3 sidelines, including 2...Nf6 3 g3 and 2...Nf6 3 Bf4.} 9. Be2 b5 10. b4 {[%emt 0:11:00] [#]} Bd7 $146 ({Predecessor:} 10... Ra3 11. Nb1 Rxc3 12. Nxc3 Bxb4 13. O-O Bxc3 14. Rac1 Ba5 15. a3 Bd7 16. Ne1 Ne4 {0-1 (48) Medeuf,J (1863)-Warner,D (2204) Schoelcher 2013}) 11. O-O Be7 12. a3 O-O 13. Ne5 Ra7 14. Nxc6 Bxc6 15. Ra2 Nd7 16. Rfa1 f6 17. Bg4 Kf7 18. Bg3 g6 19. f4 Rfa8 20. h3 Nb6 21. Nb1 Bd6 22. Kh2 Na4 23. Bd1 Re8 24. Bxa4 Rxa4 25. Rf2 Kg7 26. Raa2 Raa8 27. Rf1 Rad8 28. Raf2 Rd7 29. Nd2 e5 30. fxe5 fxe5 31. Rf6 Bc7 $11 32. R6f2 exd4 33. exd4 Bxg3+ 34. Kxg3 Re3+ 35. Rf3 Rde7 36. Rxe3 Rxe3+ 37. Rf3 Re1 38. Rf1 Re3+ 39. Rf3 Re1 40. Rf1 Re3+ 1/2-1/2

[Event "GER-ch Youth U14 2020"]
[Site "Willingen"]
[Date "2020.10.24"]
[Round "7.20"]
[White "Englert, Luca"]
[Black "Weidenhöfer, Max"]
[Result "1-0"]
[ECO "B19"]
[WhiteElo "1530"]
[BlackElo "1897"]
[Annotator "NA RC"]
[PlyCount "101"]
[EventDate "2020.10.20"]
[EventType "swiss"]
[EventRounds "7"]
[EventCountry "GER"]
[SourceTitle "playchess.com"]
[Source "ChessBase"]
[SourceQuality "1"]
[TimeControl "40/5400+30:1800+30"]

1. e4 c6 2. d4 d5 3. Nc3 dxe4 4. Nxe4 Bf5 5. Ng3 Bg6 6. Nf3 Nd7 7. h4 h6 8. h5 Bh7 9. Bd3 Bxd3 10. Qxd3 e6 11. Bf4 Qa5+ 12. Bd2 Qc7 13. O-O-O Ngf6 14. Ne4 Nxe4 15. Qxe4 Nf6 16. Qd3 Bd6 17. Kb1 O-O-O 18. c4 Kb8 19. Bc3 Ka8 20. Qe2 Rhe8 21. Ne5 Re7 22. f4 Ne8 23. Rh3 Bxe5 24. dxe5 Red7 25. Rhd3 Kb8 26. Kc2 Kc8 27. Bb4 c5 28. Rxd7 Rxd7 29. Rxd7 Kxd7 30. Qd3+ Ke7 31. Be1 Qc6 32. Bh4+ Kf8 33. g3 Kg8 34. b3 a6 35. a4 Kh8 36. a5 Kg8 37. Qd1 Qg2+ 38. Kc3 Qc6 39. Be7 Qc7 ({Better is} 39... f6) 40. Qd8 Qc6 41. Bxc5 Qxc5 42. Qxe8+ Kh7 43. Qxf7 Qe3+ 44. Kb4 Qd2+ 45. Kc5 Qxa5+ 46. Kd6 Qb6+ 47. Ke7 Qxb3 48. Qg6+ Kg8 49. Qxe6+ Kh8 50. Kf7 Qxg3 51. Qe8+ 1-0

[Event "GER-ch Youth U14 2020"]
[Site "Willingen"]
[Date "2020.10.24"]
[Round "7.21"]
[White "Lerchl, Clemens"]
[Black "Wiedersich, Hendryk"]
[Result "1-0"]
[ECO "B84"]
[WhiteElo "1699"]
[BlackElo "1570"]
[Annotator "NA RC"]
[PlyCount "103"]
[EventDate "2020.10.20"]
[EventType "swiss"]
[EventRounds "7"]
[EventCountry "GER"]
[SourceTitle "playchess.com"]
[Source "ChessBase"]
[SourceQuality "1"]
[TimeControl "40/5400+30:1800+30"]

1. e4 c5 2. Nf3 d6 3. d4 cxd4 4. Nxd4 Nf6 5. Nc3 a6 6. Be2 e6 7. O-O Be7 8. Be3 O-O 9. a4 Nc6 10. f4 Qc7 11. Bf3 Rd8 12. Kh1 e5 13. Nde2 Bg4 14. Bxg4 Nxg4 15. Nd5 Nxe3 16. Nxc7 Nxd1 17. Raxd1 Rac8 18. Nd5 b5 19. axb5 axb5 20. Ra1 Kf8 21. c3 Ra8 22. g3 Rab8 23. Ra6 Rdc8 24. Rd1 b4 25. cxb4 Nxb4 26. Nxe7 Kxe7 27. Raxd6 Rc2 28. R6d2 exf4 29. Nxf4 Rbc8 30. Nd5+ Nxd5 31. exd5 Kd6 32. Kg2 Rxd2+ 33. Rxd2 Rc5 34. Kf3 Rxd5 35. Rxd5+ Kxd5 36. Kf4 h6 37. h4 g6 38. b3 Ke6 39. b4 Kd5 40. h5 Kc4 41. Ke5 Kxb4 42. hxg6 fxg6 43. Kf6 g5 44. Kg6 Kc5 45. Kxh6 g4 46. Kg5 Kd6 47. Kxg4 Ke7 48. Kg5 Kf7 49. Kh6 Kg8 50. g4 Kh8 51. Kg6 Kg8 52. g5 1-0

[Event "GER-ch Youth U14 2020"]
[Site "Willingen"]
[Date "2020.10.24"]
[Round "7.22"]
[White "Brunner, Alexander"]
[Black "Bock, Marlon"]
[Result "1-0"]
[ECO "D30"]
[WhiteElo "1692"]
[BlackElo "1776"]
[Annotator "NA RC"]
[PlyCount "59"]
[EventDate "2020.10.20"]
[EventType "swiss"]
[EventRounds "7"]
[EventCountry "GER"]
[SourceTitle "playchess.com"]
[Source "ChessBase"]
[SourceQuality "1"]
[TimeControl "40/5400+30:1800+30"]

1. d4 d5 2. c4 e6 3. Nf3 f5 4. Nc3 Nf6 5. Bf4 c6 6. e3 Be7 7. Qc2 Ne4 8. Bd3 Nd7 9. Ne5 Ndf6 10. f3 Nxc3 11. Qxc3 a5 12. c5 Bd7 13. Qc2 Nh5 14. O-O-O b6 15. g4 Nxf4 16. exf4 g6 17. h4 bxc5 18. dxc5 a4 19. h5 Ra5 20. Qh2 Rxc5+ 21. Kb1 g5 22. gxf5 exf5 23. fxg5 Bxg5 24. Nxd7 Kxd7 25. Bxf5+ Ke8 26. Qe5+ Kf7 27. Be6+ Ke7 28. Bxd5+ Kd7 29. Be6+ Ke8 30. Rxd8+ 1-0